 Dungeon Crawl Stone Soup version 0.26-a0-808-g930a2b7adc (webtiles) character file.

Game seed: 5531761097958239327

132 Riddle the Covered (level 5, -3/33 HPs)
             Began as a Gargoyle Fighter on Nov 12, 2020.
             Killed from afar by an orc wizard (8 damage)
             ... with a magic dart
             ... on level 2 of the Dungeon.
             The game lasted 00:02:04 (1533 turns).

Riddle the Covered (Gargoyle Fighter)               Turns: 1533, Time: 00:02:05

Health: -3/33      AC: 11    Str: 20    XL:     5   Next: 15%
Magic:  5/5        EV:  7    Int:  9    God:
Gold:   94         SH:  9    Dex:  9    Spells: 4/4 levels left

rFire    . . .     SeeInvis .   a - +0 war axe
rCold    . . .     Faith    .   c - +0 kite shield
rNeg     + . .     Spirit   .   b - +0 scale mail
rPois    ∞         Reflect  .   (no helmet)
rElec    +         Harm     .   (no cloak)
rCorr    .         Rampage  .   (no gloves)
MR       .....                  (no boots)
Stlth    ..........             (no amulet)
HPRegen  0.11/turn              (no ring)
MPRegen  0.09/turn              (no ring)

@: no status effects
A: negative energy resistance 1, electricity resistance, unbreathing,
petrification resistance, rot immunity, AC +4
a: no special abilities


You were on level 2 of the Dungeon.
You visited 1 branch of the dungeon, and saw 2 of its levels.

You collected 94 gold pieces.

Inventory:

Hand Weapons
 a - a +0 war axe (weapon)
Armour
 b - a +0 scale mail (worn)
 c - a +0 kite shield (worn)
Scrolls
 e - a scroll of random uselessness {unknown}
 g - a scroll of magic mapping {unknown}
 j - 10 scrolls of identify {unknown}
 l - a scroll of remove curse {unknown}
 o - a scroll of noise {unknown}
Potions
 d - a potion of might
 f - 2 potions of flight {unknown}
 h - 2 potions of cancellation {unknown}
 i - 3 potions of curing {unknown}
 k - a potion of haste {unknown}
 m - a potion of degeneration {unknown}
 n - a potion of heal wounds {unknown}


   Skills:
 + Level 4.2 Fighting
 + Level 2.8 Axes
 + Level 4.2 Armour
 + Level 4.2 Shields


You had 4 spell levels left.
You didn't know any spells.
Your spell library was empty.

Dungeon Overview and Level Annotations

Branches:
Dungeon (2/15)

Altars:


Innate Abilities, Weirdness & Mutations

You are resistant to torment.
Your stone body is resilient. (AC +4)
You are immune to poison.
You resist negative energy. (rN+)
You are resistant to electric shocks. (rElec)
You can survive without breathing.
You are immune to petrification.
You are immune to rotting.


Message History

You block the orc wizard's attack.
Unknown command.
You closely miss the orc wizard.
The orc wizard is severely wounded.
The orc wizard hits you but does no damage.
You block the orc wizard's attack.
Unknown command.
You miss the orc wizard.
The orc wizard is severely wounded.
You block the orc wizard's attack.
The orc wizard hits you but does no damage.
Unknown command.
You closely miss the orc wizard.
The orc wizard is severely wounded.
The orc wizard hits you but does no damage. x2
You closely miss the orc wizard.
The orc wizard is severely wounded.
The orc wizard gestures at you while chanting.
The magic dart hits you!
You die...

#........!.#.
............
.............#
..............##
................ .
...............###..
).........>.)o.)....
...
..........†@....<..
#..
............)...###
#.. #.......?....##
#.# ##...........#
#.# #...(.......#
#.# #..........##
#.# ####..#......##
#.####.....########
..##...##......#


You could see an orc wizard (fast).

Vanquished Creatures
  An orc priest (D:2)
  Terence (D:1)
  4 adders (D:2)
  An ooze (D:1)
  2 leopard geckos
  An orc (D:2)
  3 bats
  A giant cockroach (D:1)
  7 goblins
  A hobgoblin (D:1)
  2 jackals (D:2)
  6 kobolds
  A quokka (D:2)
  A frilled lizard (D:2)
  4 rats
36 creatures vanquished.

Notes
Turn   | Place    | Note
-------+----------+-------------------------------------------
     0 | D:1      | Riddle the Gargoyle Fighter began the quest for the Orb.
     0 | D:1      | Reached XP level 1. HP: 14/14 MP: 1/1
   270 | D:1      | Reached XP level 2. HP: 19/19 MP: 2/2
   895 | D:2      | Noticed Terence
   936 | D:1      | Killed Terence
   936 | D:1      | Reached XP level 3. HP: 5/24 MP: 3/3
  1202 | D:2      | Reached XP level 4. HP: 17/29 MP: 4/4
  1522 | D:2      | Reached XP level 5. HP: 14/33 MP: 5/5
  1533 | D:2      | Killed from afar by an orc wizard

Illustrated notes

Levels and vault maps discovered:
D:1:      heliophobic_arrival_battle_scene, layout_loops_ring
D:2:      layout_rooms, uniq_terence

Skill      XL: |  1  2  3  4 |
---------------+-------------+-----
Axes           | 2 |  2.8
Armour         | 4 |  4.2
Fighting       | 4 |  4.2
Shields        | 4 |  4.2

Action                   |  1- 3 |  4- 6 || total
-------------------------+-------+-------++-------
Melee: War axe           |    80 |    51 ||   131
Armor: Scale mail        |    47 |    55 ||   102
Dodge: Dodged            |    19 |    21 ||    40
Block: Kite shield       |    48 |    35 ||    83

Table legend: (Time is in decaauts)
 A = Elapsed time spent in this place.
 B = Non-inter-level travel time spent in this place.
 C = Inter-level travel time spent in this place.
 D = Time resting spent in this place.
 E = Time spent auto-exploring this place.
 F = Levels seen in this place.
 G = Mean time per level.
                   A        B        C        D        E       F      G
               +--------+--------+--------+--------+--------+-----+--------+
         Total |   1593 |   1447 |    146 |      0 |   1137 |   2 |  796.5 |
       Dungeon |   1593 |   1447 |    146 |      0 |   1137 |   2 |  796.5 |
               +--------+--------+--------+--------+--------+-----+--------+

Top non-repeatable levels by time:
     D:1: 1194 daAuts
     D:2: 399 daAuts
